Map: Last Fantasy LE

Players

KimChiLoVer - Winner!

  • Race: Terran Terran
  • League: Diamond
  • Spawn Location: 12:00

llllIIIIIlII

  • Race: Zerg Zerg
  • League: Diamond
  • Spawn Location: 7:00

VOD

Have the link to the VOD?

Description

Time

  • Played on: Aug. 28, 2025, 9:56 p.m.
  • Length: 11:04
Show
View Real Time Build Order
Export as new Build Order

KimChiLoVer Terran - Winner!

Build Orders: Reaper Expand 

Get SALT Encoding   

  12  0:00  SCV  
  13  0:15  SCV  
  13  0:18  Supply Depot  
  14  0:27  SCV  
  15  0:40  SCV  
  16  0:42  Barracks  
  16  0:45  Refinery  
  16  0:52  SCV  
  17  1:04  SCV  
  18  1:21  SCV  
  19  1:32  Reaper  
  20  1:39  Command Center  
  20  1:45  Orbital Command  
  20  1:56  Supply Depot  
  20  2:07  Factory  
  20  2:09  Marine  
  20  2:14  SCV  
  22  2:21  Refinery  
  22  2:26  SCV  
  23  2:47  Barracks Reactor  
  23  2:48  SCV  
  24  2:53  Factory Tech Lab  
  24  2:54  Barracks  
  24  2:55  Barracks  
  24  3:00  SCV  
  25  3:06  Orbital Command  
  25  3:17  Siege Tank  
  28  3:23  SCV  
  28  3:26  Marine x2  
  31  3:27  Orbital Command  
  31  3:44  Marine x2  
  33  3:54  SCV  
  33  3:55  SCV  
  35  4:06  SCV  
  35  4:07  SCV  
  35  4:09  Starport  
  37  4:17  Barracks Reactor  
  37  4:18  SCV, Supply Depot  
  37  4:19  SCV, Supply Depot  
  37  4:21  Barracks Reactor  
  37  4:23  Refinery  
  39  4:27  Stimpack  
  39  4:30  SCV  
  41  4:31  SCV  
  41  4:32  Hellion x2  
  45  4:42  SCV  
  38  4:56  SCV  
  36  5:02  Marine x2, Hellion x2  
  36  5:04  Marine x2  
  38  5:16  Marine  
  38  5:36  Supply Depot  
  38  5:38  Supply Depot  
  38  5:48  Marine x5  
  38  5:49  SCV  
  44  5:51  Factory Tech Lab  
  44  5:55  Supply Depot  
  44  5:58  Supply Depot  
  44  6:01  SCV, Barracks x2  
  44  6:03  SCV  
  46  6:06  Marine x4  
  46  6:11  Medivac  
  52  6:13  SCV  
  52  6:15  SCV  
  52  6:27  Supply Depot  
  52  6:30  Bunker  
  52  6:32  Siege Tank  
  55  6:36  Combat Shield  
  55  6:41  SCV  
  55  6:44  Medivac  
  58  6:52  Supply Depot  
  58  7:01  Barracks Tech Lab, Barracks Reactor  
  58  7:04  Siege Tank, Supply Depot  
  58  7:07  SCV x2  
  63  7:16  Supply Depot  
  63  7:19  SCV  
  63  7:20  Medivac x2  
  68  7:24  Concussive Shells  
  68  7:27  Reaper  
  69  7:31  SCV  
  70  7:46  SCV  
  70  7:50  Supply Depot  
  71  7:55  Supply Depot  
  71  7:56  Marine, Marauder x2  
  71  7:57  Marine  
  71  7:58  Marine x4, SCV  
  70  8:29  SCV  
  70  8:30  Refinery  
  71  8:34  Marauder  
  71  8:35  Marauder  
  71  8:36  Siege Tank  
  78  8:42  SCV, Command Center  
  77  8:49  Marine x3  
  77  8:55  Engineering Bay  
  80  8:56  Engineering Bay, Marauder x2  
  84  9:10  SCV  
  84  9:15  Supply Depot  
  85  9:18  Armory, Marauder x2  
  85  9:22  SCV  
  90  9:29  Marine  
  91  9:34  SCV  
  91  9:36  Marine x2  
  94  9:39  Marauder x2  
  94  9:41  Marine  
  99  9:46  SCV  
  100  9:59  Barracks  
  100  10:00  Marine x2, Marauder x2  
  100  10:01  Marine  
  100  10:06  Marine  
  105  10:22  Marauder x2  
  106  10:31  Marine x3  
Show
View Real Time Build Order
Export as new Build Order

llllIIIIIlII Zerg 

Build Orders: Hatch First, Zergling Baneling 

Get SALT Encoding   

  12  0:00  Drone  
  13  0:14  Drone  
  14  0:33  Hatchery  
  14  0:35  Drone  
  14  0:50  Spawning Pool  
  14  0:55  Drone  
  14  1:02  Overlord  
  14  1:09  Extractor  
  14  1:10  Drone  
  14  1:21  Drone x2  
  16  1:28  Drone  
  17  1:39  Queen, Drone  
  18  1:45  Drone  
  21  1:50  Drone  
  22  1:57  Drone  
  23  2:02  Queen  
  23  2:05  Zergling x2  
  23  2:08  Zergling x2  
  27  2:13  Overlord  
  27  2:22  Zergling x2  
  28  2:33  Metabolic Boost  
  28  2:36  Baneling Nest  
  26  3:01  Drone x2  
  26  3:02  Drone x3  
  26  3:03  Overlord  
  31  3:06  Overlord  
  31  3:10  Zergling x4  
  33  3:23  Zergling x2  
  33  3:24  Zergling x8  
  38  3:35  Zergling x10  
  43  3:43  Overlord  
  43  3:45  Overlord  
  43  3:48  Zergling x4  
  43  3:50  Zergling x2  
  46  3:58  Zergling x4  
  46  3:59  Zergling x2  
  51  4:02  Zergling x4  
  51  4:10  Zergling x4  
  53  4:18  Zergling x4  
  55  4:24  Baneling x3  
  55  4:25  Baneling x6  
  55  4:26  Baneling x3  
  54  4:42  Zergling x6  
  54  4:43  Zergling x6  
  42  4:57  Zergling x6  
  42  4:58  Zergling x2  
  39  5:11  Zergling x6  
  39  5:12  Zergling x4  
  43  5:20  Zergling x2  
  44  5:22  Zergling x2  
  44  5:26  Lair  
  43  5:31  Drone  
  43  5:32  Drone x6  
  50  5:38  Extractor  
  49  5:54  Roach Warren  
  48  5:59  Drone x3  
  48  6:00  Drone x4  
  55  6:07  Evolution Chamber  
  52  6:27  Drone x2  
  52  6:28  Drone x4  
  58  6:37  Extractor  
  57  6:40  Hatchery  
  56  6:47  Extractor  
  56  6:48  Zerg Missile Weapons Level 1  
  56  6:49  Glial Reconstitution  
  55  6:57  Hatchery  
  54  7:12  Drone x3  
  57  7:15  Centrifugal Hooks  
  57  7:20  Spore Crawler  
  57  7:21  Evolution Chamber  
  55  7:24  Spore Crawler  
  54  7:35  Queen  
  56  7:51  Roach x5  
  66  7:53  Overlord x3  
  66  7:56  Zerg Ground Armor Level 1  
  66  7:58  Drone x4  
  68  7:59  Drone  
  68  8:01  Drone  
  64  8:21  Zergling x2, Roach x2  
  64  8:22  Zergling x10  
  67  8:30  Drone  
  68  8:35  Spore Crawler  
  68  8:37  Roach x4  
  68  8:38  Roach  
  77  8:45  Zerg Melee Weapons Level 1  
  77  8:49  Evolution Chamber  
  76  8:56  Hydralisk Den  
  75  9:05  Spore Crawler  
  75  9:07  Extractor  
  75  9:08  Queen, Extractor  
  74  9:12  Drone x3  
  74  9:14  Drone x5  
  74  9:15  Overlord  
  82  9:36  Overlord  
  82  9:40  Pneumatized Carapace  
  82  9:45  Burrow  
  82  9:46  Drone x3  
  82  9:52  Queen  
  85  9:58  Drone x2  
  89  10:07  Spine Crawler  
  89  10:11  Spine Crawler  
  89  10:12  Spine Crawler  
  86  10:22  Roach x6  
  86  10:23  Zergling x2  
  88  10:28  Zergling x6  
  88  10:29  Zergling x14  
  88  10:30  Zergling x6  
  101  10:41  Zergling x6  
  101  10:42  Zergling x2  
Tags
 
Add a new tag
Caveats
  • Supply blocks, unpowered buildings, or Contaminate may cause inaccurate times.
  • Supply counts are checked every 10 seconds.